 Dungeon Crawl Stone Soup version 0.22.1-2-g9c5b331 (webtiles) character file.

72 video the Magician (level 4, -1/30 HPs)
             Began as a Mummy Summoner on Nov 24, 2018.
             Slain by an orc
             ... wielding a +0 morningstar
              (11 damage)
             ... on level 3 of the Dungeon.
             The game lasted 00:12:59 (4145 turns).

video the Magician (Mummy Summoner)                 Turns: 4145, Time: 00:13:01

Health: -1/30      AC:  2    Str: 11    XL:     4   Next: 7%
Magic:  2/10       EV: 12    Int: 15    God:
Gold:   173        SH:  0    Dex: 12    Spells: 7/11 levels left

rFire    x . .     SeeInvis .   d - +0 dagger
rCold    + . .     Gourm    .   (no shield)
rNeg     + + +     Faith    .   a - +0 robe
rPois    ∞         Spirit   .   (no helmet)
rElec    .         Reflect  .   (no cloak)
rCorr    .         Harm     .   (no gloves)
MR       .....                  (no boots)
Stlth    ++........             (no amulet)
HPRegen  0.10/turn              (no ring)
MPRegen  0.12/turn              (no ring)

@: no status effects
A: no food or potions, fire vulnerability, cold resistance 1, negative energy
resistance 3, torment resistance, unbreathing
a: no special abilities


You were on level 3 of the Dungeon.
You were not hungry.

You visited 1 branch of the dungeon, and saw 3 of its levels.

You collected 173 gold pieces.

Inventory:

Hand Weapons
 d - a +0 dagger (weapon)
Armour
 a - a +0 robe (worn)
 l - a +0 pair of gloves
Jewellery
 k - a cursed ring of teleportation {unknown}
Scrolls
 b - a scroll of magic mapping {unknown}
 c - 9 scrolls of teleportation {unknown}
 e - a scroll of immolation {unknown}
 f - a scroll of amnesia {unknown}
 g - 2 scrolls of enchant weapon {unknown}
 h - a scroll of identify {unknown}
 i - a scroll of noise {unknown}
 j - a scroll of remove curse {unknown}


   Skills:
 + Level 1.7 Dodging
 + Level 1.6 Stealth
 + Level 0.3 Unarmed Combat
 * Level 4.3 Spellcasting
 + Level 3.8 Summonings


You had 7 spell levels left.
You knew the following spells:

 Your Spells              Type           Power        Failure   Level  Hunger
a - Summon Small Mammal   Summ           ##..         3%          1    N/A
b - Call Canine Familiar  Summ           ##......     11%         3    N/A

Your spell library contained the following spells:

 Spells                   Type           Power        Failure   Level  Hunger
 Call Imp                 Summ           ##......     5%          2    N/A
 Confusing Touch          Hex            #.....       19%         1    N/A
 Summon Guardian Golem    Hex/Summ       #.......     24%         3    N/A
 Confuse                  Hex            #.......     47%         3    N/A
 Gell's Gravitas          Tloc           #.........   47%         3    N/A
 Summon Ice Beast         Ice/Summ       #.......     61%         4    N/A
 Summon Lightning Spire   Summ/Air       #.......     61%         4    N/A
 Petrify                  Tmut/Erth      #.......     87%         4    N/A
 Metabolic Englaciation   Hex/Ice        #.........   99%         5    N/A
 Yara's Violent Unravell  Hex/Tmut       #.........   99%         5    N/A

Dungeon Overview and Level Annotations

Branches:
Dungeon (3/15)

Altars:

Annotations:
D:2 Sigmund


Innate Abilities, Weirdness & Mutations

You do not eat or drink.
Your flesh is vulnerable to fire.
You are immune to poison.
Your flesh is cold resistant. (rC+)
You are immune to negative energy. (rN+++)
You are immune to unholy pain and torment.
You can survive without breathing.


Message History

The ball python closely misses you. The ball python grabs you.
The ball python constricts you. The orc barely misses you.
Your hound bites the orc.
Your bat barely misses the orc.
The orc throws a tomahawk.
The tomahawk barely misses your hound. The tomahawk closely misses you.
You hit the orc.
The orc is almost dead.
Your bat hits the ball python.
Your bat closely misses the orc.
Your bat barely misses the orc.
The orc hits you.
Your quokka bites the ball python.
The ball python loses its grip on you.
Your hound closely misses the orc.
The orc hits you with a morningstar!
The orc hits your hound but does no damage.
You hit the orc but do no damage.
The orc is almost dead.
Your bat barely misses the ball python.
Your bat barely misses the orc.
Your hound bites the orc.
Your bat barely misses the orc.
The orc hits you.
Your hound barely misses the orc.
Your quokka closely misses the ball python.
The orc hits you with a morningstar!
You die...

#..# ......
#.## ##). #.#
##. #.# ##
#.# # #.# ##
#.# #.
#####(#####
#.
#....@o...#
#.
#....ho...#
#.
#...r.ob..#
#.
#....S....#
#.
#.........$.
..
#....b....###
##
#.........#
#.........#


You could see 3 orcs, a ball python, a friendly hound, a friendly quokka and 2
friendly bats.

Vanquished Creatures
  An adder (D:3)
  A worm (D:2)
  A dart slug (D:2)
  2 bats (D:2)
  A giant cockroach (D:2)
  5 hobgoblins
  2 frilled lizards (D:2)
  3 goblins (D:2)
  A kobold (D:2)
17 creatures vanquished.

Vanquished Creatures (collateral kills)
  4 adders
  A worm (D:2)
  A dart slug (D:2)
  A leopard gecko (D:1)
  4 bats (D:1)
  A giant cockroach (D:1)
  4 goblins
  2 hobgoblins
  2 jackals (D:3)
  8 kobolds
  A quokka (D:3)
  A ball python (D:1)
  3 frilled lizards
  5 rats
38 creatures vanquished.

Grand Total: 55 creatures vanquished

Notes
Turn   | Place    | Note
-------+----------+-------------------------------------------
     0 | D:1      | video the Mummy Summoner began the quest for the Orb.
     0 | D:1      | Reached XP level 1. HP: 13/13 MP: 4/4
   657 | D:1      | Reached skill level 3 in Spellcasting
   689 | D:1      | Reached XP level 2. HP: 19/19 MP: 3/6
  1806 | D:2      | Reached XP level 3. HP: 21/24 MP: 4/8
  2383 | D:2      | Noticed Sigmund
  2733 | D:2      | Learned a level 3 spell: Call Canine Familiar
  2980 | D:2      | Reached skill level 4 in Spellcasting
  4098 | D:3      | Reached XP level 4. HP: 30/30 MP: 6/10
  4145 | D:3      | Slain by an orc

Skill      XL: |  1  2  3 |
---------------+----------+-----
Spellcasting   | 3 4 |  4.3
Dodging        | |  1.7
Stealth        | |  1.6
Unarmed Combat | |  0.3
Summonings     | |  3.8

Action                   |  1- 3 |  4- 6 || total
-------------------------+-------+-------++-------
Melee: Unarmed           |    27 |       ||    27
       Dagger            |    81 |     3 ||    84
 Cast: Summon Small Mamm |   104 |     3 ||   107
       Call Canine Famil |     8 |     2 ||    10
 Stab: Sleeping          |     3 |       ||     3
Armor: Robe              |    16 |     3 ||    19
Dodge: Dodged            |    97 |     8 ||   105
